[Event "Team 45 45 League T41"]
[Site "Internet Chess Club"]
[Date "2009.05.01"]
[Round "1"]
[White "chessateer"]
[Black "FutureCGA"]
[Result "0-1"]
[WhiteElo "1833"]
[BlackElo "1942"]
[Opening "Pirc defense"]
[ECO "B07"]
[Time "10:00:10"]
[TimeControl "2700+45"]

1. e4 d6 2. d4 Nf6 3. Nc3 g6 4. Be3 Bg7 5. Qd2 c6 6. Nf3 Qa5 7. Bd3 Ng4 8. Bg5
h6 9. Bh4 e5 10. h3 exd4 11. Nb5 Qxd2+ 12. Kxd2 cxb5 13. Bxb5+ Nc6 14. hxg4 Bxg4
15. Ne1 g5 16. Bg3 O-O-O 17. Nd3 Ne5 18. f3 Be6 19. Nb4 d5 20. exd5 Bxd5 21.
Bxe5 Bxe5 22. Nxd5 Rxd5 23. Bc4 Rd7 24. Rae1 Re7 25. Kd3 f6 26. a4 h5 27. f4
gxf4 28. Rh4 Rg7 29. Bd5 Rg3+ 30. Kc4 f3 31. gxf3 Kd7 32. Bxb7 Rb8 33. Be4 Rxb2
34. Rxh5 a5 35. Rh7+ Kd6 36. Rb7 Rxb7 37. Bxb7 Rg8 38. Rb1 Rb8 39. Rb5 f5 40.
Ba6 Ra8 41. Rb6+ Kc7 42. Kb5 Kd7 43. Rb7+ Bc7 44. Rxc7+ Kxc7 45. Kxa5 Kc6 {White
resigns} 0-1

[Event "Team 45 45 League T41"]
[Site "Internet Chess Club"]
[Date "2009.05.05"]
[Round "1"]
[White "Portola"]
[Black "ddlj81"]
[Result "0-1"]
[WhiteElo "1722"]
[BlackElo "1895"]
[Opening "Torre attack (Tartakower variation)"]
[ECO "D03"]
[Time "23:00:13"]
[TimeControl "2700+45"]

1. d4 d5 2. Nf3 Nf6 3. Bg5 c6 4. c3 Qb6 5. Qc2 Ne4 6. Bf4 Bf5 7. e3 Ng3 8. Qb3
Qxb3 9. axb3 Nxh1 10. Nbd2 Nd7 11. b4 e6 12. Nb3 Be7 13. Na5 O-O 14. Nxb7 h6 15.
h3 g5 16. Bh2 Be4 17. Nd2 f6 18. f3 Bf5 19. Na5 e5 20. Nxc6 Bd6 21. e4 dxe4 22.
fxe4 Bg6 23. g4 Rfc8 24. d5 Nb8 25. Na5 Bc7 26. Bg2 Bxa5 27. Rxa5 Nd7 28. Bxh1
Nb6 29. Bg1 Nc4 30. Ra2 a5 31. bxa5 Rxa5 32. Rxa5 Nxa5 33. b4 Nc4 34. Bc5 Nb2
35. Ke2 Na4 36. Nb3 Nxc3+ 37. Kd3 Nxd5 38. b5 Nc7 39. b6 Na6 40. Be3 Nb4+ 41.
Ke2 Be8 42. b7 Bb5+ 43. Kf3 Rd8 44. Na5 Nc6 45. Bb6 Rd3+ 46. Kg2 Rd2+ 47. Kg3
Rd3+ 48. Bf3 Nb8 49. Bc7 Na6 50. b8=Q+ Nxb8 51. Bxb8 Ra3 52. Bc7 Be2 53. Kh2
Bxf3 54. Bb6 Bxe4 55. Nc4 Ra2+ 56. Kg1 Rg2+ 57. Kf1 Rg3 58. Nd6 Bd3+ 59. Kf2
Rxh3 60. Bd8 e4 61. Nf5 Rf3+ 62. Ke1 e3 63. Nxe3 Rxe3+ 64. Kd2 Rg3 65. Bxf6 Kf7
66. Be5 Rh3 67. Bc7 Bb5 {White resigns} 0-1

[Event "Team 45 45 League T41"]
[Site "Internet Chess Club"]
[Date "2009.05.04"]
[Round "1"]
[White "touchthis"]
[Black "clarinetref"]
[Result "1-0"]
[WhiteElo "1840"]
[BlackElo "1747"]
[Opening "Bird's opening"]
[ECO "A02"]
[Time "23:31:04"]
[TimeControl "2700+45"]

1. f4 g6 2. Nf3 d6 3. d3 Bg7 4. e4 Bg4 5. Be2 c5 6. O-O Nc6 7. Be3 Bxb2 8. Nbd2
Bxa1 9. Qxa1 Nf6 10. h3 Bxf3 11. Nxf3 Qc7 12. e5 dxe5 13. fxe5 Nd5 14. Bf2 e6
15. Bxc5 Nxe5 16. Nxe5 Qxc5+ 17. d4 Qxc2 18. Bb5+ Kd8 19. Nxf7+ Ke7 20. Qe1 h6
21. Qe5 Qc7 22. Nxh8 Qxe5 23. Nxg6+ Kd6 24. Nxe5 a6 25. Ba4 Nc3 26. Bb3 Ne2+ 27.
Kh2 Nxd4 28. Nf7+ Ke7 29. Nxh6 Rh8 30. Ng4 Kd6 31. Re1 Rh5 32. Nf6 Rb5 33. Ne4+
Ke7 34. Nc3 Rg5 35. Nd5+ Kd6 36. Nc3 Rg6 37. Ne4+ Ke7 38. Nc5 Nxb3 39. axb3 Kd6
40. Nxb7+ Kd5 41. Na5 e5 42. Nc4 e4 43. Nd2 Re6 44. Rxe4 Rd6 45. Rc4 Ke5 46.
Nf3+ Kd5 47. Rd4+ {Black resigns} 1-0

[Event "Team 45 45 League T41"]
[Site "Internet Chess Club"]
[Date "2009.04.30"]
[Round "1"]
[White "tryanything"]
[Black "RandyPCC"]
[Result "0-1"]
[WhiteElo "1616"]
[BlackElo "1688"]
[Opening "QGD"]
[ECO "D52"]
[Time "18:14:51"]
[TimeControl "2700+45"]

1. d4 d5 2. c4 c6 3. Nc3 Nf6 4. Nf3 e6 5. Bg5 Nbd7 6. e3 Be7 7. Be2 O-O 8. O-O
Re8 9. cxd5 exd5 10. Re1 Bd6 11. a3 h6 12. Bh4 Nf8 13. Bxf6 Qxf6 14. h3 Ng6 15.
Bd3 Bf5 16. Qc2 Bxh3 17. e4 Be7 18. e5 Qf4 19. Ne2 Qg4 20. Ng3 Bxg2 21. Nh2 Qxd4
22. Bxg6 fxg6 23. Kxg2 Rf8 24. Nf3 Qg4 25. Qd3 h5 26. Rh1 Rf4 27. Nh2 Qe6 28.
Ne2 Re4 29. f4 Bc5 30. Raf1 Re3 31. Qd2 Qh3+ {White resigns} 0-1

[Event "Team 45 45 League T41"]
[Site "Internet Chess Club"]
[Date "2009.05.05"]
[Round "1"]
[White "Spencer"]
[Black "PaulKaspar"]
[Result "1/2-1/2"]
[WhiteElo "1771"]
[BlackElo "1851"]
[Opening "Caro-Kann: Panov-Botvinnik attack"]
[ECO "B13"]
[Time "21:30:08"]
[TimeControl "2700+45"]

1. e4 c6 2. d4 d5 3. exd5 cxd5 4. c4 dxc4 5. Bxc4 e6 6. Nf3 Nf6 7. O-O Nc6 8.
Bg5 Be7 9. Nc3 O-O 10. Re1 h6 11. Bh4 a6 12. Ne4 Nxe4 13. Rxe4 Bxh4 14. Rxh4 b5
15. Bd3 Bb7 16. Qd2 Ne7 17. Rh3 Rc8 18. Rg3 Kh8 19. Rh3 Ng8 20. Qe3 Bxf3 21.
Rxf3 Qd6 22. Re1 Ne7 23. Qe4 g6 24. Qh4 Kh7 25. Rh3 Ng8 26. Rg3 Rc7 27. h3 Rfc8
28. Qh5 Ne7 29. Qe5 Qxe5 30. dxe5 Rc5 31. h4 h5 32. Rf3 Kg7 33. Kf1 Nc6 34. Rfe3
Rd8 35. f4 Nd4 36. a3 Nc2 37. Bxc2 Rxc2 38. R3e2 Rdc8 39. Rxc2 Rxc2 40. Re2
{Game drawn by mutual agreement} 1/2-1/2

[Event "Team 45 45 League T41"]
[Site "Internet Chess Club"]
[Date "2009.05.03"]
[Round "1"]
[White "ShanghaiTom"]
[Black "Karan99"]
[Result "1-0"]
[WhiteElo "1716"]
[BlackElo "1522"]
[Opening "Sicilian: Smith-Morra gambit"]
[ECO "B21"]
[Time "10:01:24"]
[TimeControl "2700+45"]

1. e4 c5 2. d4 cxd4 3. c3 dxc3 4. Nxc3 Nc6 5. Nf3 d6 6. Bc4 e6 7. O-O a6 8. a4
g6 9. Qe2 Bg7 10. Rd1 e5 11. Be3 Bg4 12. h3 Bh5 13. g4 Qd7 14. gxh5 Qxh3 15. Ng5
h6 16. Nxh3 Nf6 17. hxg6 fxg6 18. Rxd6 g5 19. f3 Nh5 20. Kg2 Rf8 21. Rad1 Nd4
22. Bxd4 exd4 23. Bb5+ Ke7 24. Rd7+ Kf6 25. R1xd4 Kg6 26. R4d6+ Kh7 27. Bd3 Rf4
28. e5+ Kh8 29. Rd8+ Rxd8 30. Rxd8+ Bf8 31. e6 Rh4 32. Rxf8+ Kg7 33. Rf7+ Kg8
34. Bh7+ Kh8 35. Qe5+ Ng7 36. Qxg7# {Black checkmated} 1-0

[Event "Team 45 45 League T41"]
[Site "Internet Chess Club"]
[Date "2009.05.03"]
[Round "1"]
[White "ZacAttack99"]
[Black "BraafPaard"]
[Result "1-0"]
[WhiteElo "1441"]
[BlackElo "1528"]
[Opening "Alekhine's defense: modern variation, 4...Bg4"]
[ECO "B05"]
[Time "19:00:24"]
[TimeControl "2700+45"]

1. e4 Nf6 2. e5 Nd5 3. Nf3 d6 4. d4 Bg4 5. Bc4 e6 6. O-O Be7 7. h3 Bh5 8. Nc3
Nxc3 9. bxc3 dxe5 10. Qd3 Bg6 11. Qe2 exd4 12. Nxd4 O-O 13. Rd1 Qe8 14. Bf4 c6
15. Rab1 b5 16. Bb3 a6 17. a4 c5 18. Qf3 Ra7 19. Bxb8 Qxb8 20. Nc6 Qc7 21. Nxa7
Qxa7 22. axb5 axb5 23. Ra1 Qc7 24. Ra8 c4 25. Rxf8+ Bxf8 26. Ba2 Bxc2 27. Rc1
Bd3 28. Bb1 Bxb1 29. Rxb1 Qb6 30. Rd1 Qa5 31. Qe3 h6 32. Qe5 Qa4 33. Rd8 b4 34.
cxb4 Qxb4 35. Qe4 g6 36. Rc8 Qe7 37. Qxc4 Kg7 38. Qc7 Qb4 39. Qe5+ Kg8 40. Qe3
Kg7 41. Qc3+ Qxc3 42. Rxc3 g5 43. f3 Bb4 44. Rc4 Bd2 45. Kf1 Bf4 46. Ke2 Kf6 47.
Kd3 Kf5 48. g4+ Kf6 49. Ke4 Bg3 50. Rc2 Bf4 51. Kd3 Be5 52. Ke4 Bf4 53. Rb2 Be5
54. Rb1 Bf4 55. h4 Bg3 56. h5 Bh2 57. Rb5 Bf4 58. Ra5 Bg3 59. Kd3 Bf4 60. Kc4
Be5 61. Kb5 Bf4 62. Kc6 Bg3 63. Kd7 Bf2 64. Ke8 Kg7 65. Rb5 Kg8 66. Rb7 f5 67.
gxf5 exf5 68. Rf7 f4 69. Rf6 Kg7 70. Rg6+ Kh7 71. Kf7 Bd4 72. Rd6 Bc3 73. Rd7
Bb2 74. Kf8+ Kh8 75. Rb7 Ba1 76. Kf7 Kh7 77. Ke6+ Kg8 78. Kf5 Bg7 79. Kg6 Bf8
80. Rb8 g4 81. fxg4 f3 82. Rb2 Bc5 83. Kxh6 f2 84. Rb1 Be3+ 85. Kg6 Bd2 86. Rb8#
{Black checkmated} 1-0

[Event "Team 45 45 League T41"]
[Site "Internet Chess Club"]
[Date "2009.05.02"]
[Round "1"]
[White "AngryPirate"]
[Black "HotRats"]
[Result "0-1"]
[WhiteElo "1436"]
[BlackElo "1256"]
[Opening "Scandinavian defense"]
[ECO "B01"]
[Time "21:00:55"]
[TimeControl "2700+45"]

1. e4 d5 2. exd5 Nf6 3. Bb5+ Nbd7 4. Nc3 a6 5. Ba4 b5 6. Bb3 Nb6 7. a3 Bb7 8.
Nf3 Nbxd5 9. Nxd5 Nxd5 10. O-O e6 11. d3 Bd6 12. Re1 O-O 13. Bg5 Be7 14. Bxe7
Qxe7 15. Qd2 h6 16. Re5 Qf6 17. Rae1 Rad8 18. a4 Nf4 19. Qe3 Nd5 20. Qa7 Rb8 21.
axb5 axb5 22. Bxd5 Bxd5 23. Qxc7 Qg6 24. R5e3 Rfc8 25. Qf4 Ra8 26. Ne5 Qxg2#
{White checkmated} 0-1

[Event "Team 45 45 League T41"]
[Site "Internet Chess Club"]
[Date "2009.05.03"]
[Round "1"]
[White "Folgers"]
[Black "Blade"]
[Result "0-1"]
[WhiteElo "2019"]
[BlackElo "2166"]
[Opening "Levitsky attack (Queen's bishop attack)"]
[ECO "D00"]
[Time "16:05:19"]
[TimeControl "2700+45"]

1. d4 d5 2. Bg5 Nf6 3. e3 e6 4. Nd2 c5 5. c3 Bd6 6. Bd3 O-O 7. f4 c4 8. Bc2 Bc7
9. Ngf3 Nbd7 10. O-O h6 11. Bh4 Qe8 12. Ne5 b5 13. a3 a5 14. g4 Bb7 15. Bxf6
Nxf6 16. Qf3 Rd8 17. g5 Ne4 18. Nxe4 dxe4 19. Bxe4 Bxe4 20. Qxe4 f6 21. gxf6
gxf6 22. Qg6+ Qxg6+ 23. Nxg6 Rf7 24. h4 Rg7 25. h5 Rd5 26. f5 exf5 27. Kf2 Kf7
28. Nf4 Rd8 29. Rg1 Rg4 30. Rxg4 fxg4 31. Rg1 f5 32. Rd1 Bd6 33. Ng6 Re8 34. Rg1
Kf6 35. Rh1 Kg5 36. Nh4 b4 37. axb4 axb4 38. Ng2 Ra8 39. cxb4 Ra2 {White
resigns} 0-1

[Event "Team 45 45 League T41"]
[Site "Internet Chess Club"]
[Date "2009.05.01"]
[Round "1"]
[White "Ben622"]
[Black "FutureCGA"]
[Result "1-0"]
[WhiteElo "2059"]
[BlackElo "1931"]
[Opening "Pirc: Austrian attack"]
[ECO "B09"]
[Time "17:02:08"]
[TimeControl "2700+45"]

1. e4 d6 2. d4 Nf6 3. Nc3 g6 4. f4 c6 5. Nf3 Bg4 6. Bd3 Nbd7 7. h3 Bxf3 8. Qxf3
Qa5 9. O-O e5 10. fxe5 dxe5 11. dxe5 Qxe5 12. Bf4 Qc5+ 13. Kh1 O-O-O 14. Be3 Qe5
15. Bf4 Qc5 16. Bh2 Bd6 17. Na4 Qd4 18. c3 Qxa4 19. Bxd6 h5 20. Be7 h4 21. Bxf6
Nxf6 22. Qxf6 Qa5 23. Bc4 Rhe8 24. Rad1 Rxd1 25. Rxd1 Qe5 26. Qxe5 Rxe5 27. Bxf7
Rxe4 28. Bxg6 Re2 29. Rb1 Kd7 30. Bh5 Rf2 31. Kg1 Rc2 32. Kf1 Ke6 33. Bf3 Ke5
34. Ke1 Kf4 35. Kd1 Rf2 36. a3 Ke3 37. Ke1 Rc2 38. Kf1 Rf2+ 39. Kg1 Rd2 40. Re1+
Kf4 41. Re2 Rd1+ 42. Kf2 Rb1 43. Re4+ Kf5 44. Rb4 {Black resigns} 1-0

[Event "Team 45 45 League T41"]
[Site "Internet Chess Club"]
[Date "2009.05.01"]
[Round "1"]
[White "TerryMalloy"]
[Black "TOXIC-AVENGER"]
[Result "0-1"]
[WhiteElo "1986"]
[BlackElo "1925"]
[Opening "QGD: 4.Bg5 Be7"]
[ECO "D53"]
[Time "14:00:17"]
[TimeControl "2700+45"]

1. d4 d5 2. c4 e6 3. Nc3 Nf6 4. Bg5 Be7 5. Nf3 Nc6 6. e3 O-O 7. Rc1 b6 8. Bd3
Nb4 9. Bb1 dxc4 10. Ne5 Ba6 11. O-O b5 12. e4 Nd7 13. Bf4 Nxe5 14. Bxe5 Nc6 15.
Bf4 Nxd4 16. Bxc7 Qxc7 17. Qxd4 Bf6 18. Qe3 b4 19. Na4 Rac8 20. Rfe1 Bb5 21. e5
Be7 22. b3 c3 23. Qe4 g6 24. Re3 Bg5 25. f4 Be7 26. Rh3 Rfd8 27. f5 exf5 28. Qf4
Bf8 29. Bxf5 gxf5 30. Qxf5 Bg7 31. e6 Bxa4 32. Qxh7+ Kf8 33. Rf3 Be8 34. Rg3
Qxg3 35. hxg3 fxe6 36. Rf1+ Bf7 37. Qg6 Rc7 38. Qxe6 c2 39. Qe1 Kg8 40. Qxb4
c1=Q 41. Rxc1 Rxc1+ 42. Kh2 Rdd1 43. Qb8+ Bf8 44. Kh3 Be6+ 45. Kh4 Rc8 46. Qxa7
Rd7 47. Qa6 Be7+ 48. Kh5 Rd5+ 49. Kh6 Bf8+ 50. Kg6 Bf7+ {White resigns} 0-1

[Event "Team 45 45 League T41"]
[Site "Internet Chess Club"]
[Date "2009.05.04"]
[Round "1"]
[White "BRAINWAVE"]
[Black "MeanMrMustard"]
[Result "1-0"]
[WhiteElo "1778"]
[BlackElo "1952"]
[Opening "Queen's pawn game"]
[ECO "D00"]
[Time "20:07:18"]
[TimeControl "2700+45"]

1. d4 d5 2. f4 Nf6 3. Nf3 Bf5 4. e3 e6 5. c3 Nbd7 6. Bd3 Bxd3 7. Qxd3 Bd6 8.
Nbd2 c5 9. Ne5 c4 10. Qe2 b5 11. O-O g6 12. g4 h5 13. g5 Ng8 14. e4 Ne7 15. exd5
Nxd5 16. Ndf3 O-O 17. Nh4 Kh7 18. Nxf7 Bxf4 19. Nxd8 {Black resigns} 1-0

[Event "Team 45 45 League T41"]
[Site "Internet Chess Club"]
[Date "2009.05.01"]
[Round "1"]
[White "jesterday"]
[Black "Ptzz"]
[Result "0-1"]
[WhiteElo "1943"]
[BlackElo "2131"]
[Opening "Caro-Kann: advance variation"]
[ECO "B12"]
[Time "10:03:27"]
[TimeControl "2700+45"]

1. e4 c6 2. d4 d5 3. e5 c5 4. c3 Nc6 5. Nf3 Bg4 6. Bb5 e6 7. Nbd2 Qb6 8. Qa4 Rc8
9. Be2 cxd4 10. cxd4 Nh6 11. Qb5 Nf5 12. Qxb6 axb6 13. Bb5 Bb4 14. O-O Bxd2 15.
Nxd2 Nxd4 16. Bxc6+ bxc6 17. f3 Bf5 18. a4 Ra8 19. Ra3 Kd7 20. b3 Bd3 21. Rd1
Bc2 22. Re1 Bg6 23. Ra2 Nc2 24. Rd1 Nb4 25. Ra3 Rhc8 26. Nc4 Kc7 27. Nd6 Rcb8
28. Bd2 Nd3 29. f4 Nc5 30. g4 Ne4 31. f5 exf5 32. Nxf5 Bxf5 33. gxf5 Nxd2 34.
Rxd2 Re8 35. Re2 Re7 36. Ra1 Rae8 37. Rae1 c5 38. Kf2 Kc6 39. Kf3 g6 40. Kf4 h6
41. h4 d4 42. Rg1 gxf5 43. Kxf5 Kd5 44. Rge1 Re6 45. h5 Rg8 46. Kf4 Rg5 {White
resigns} 0-1

[Event "Team 45 45 League T41"]
[Site "Internet Chess Club"]
[Date "2009.05.02"]
[Round "1"]
[White "Zumbi"]
[Black "besonegro"]
[Result "1-0"]
[WhiteElo "2059"]
[BlackElo "1743"]
[Opening "Sicilian: Nimzovich-Rossolimo attack (without ...d6)"]
[ECO "B30"]
[Time "15:11:52"]
[TimeControl "2700+45"]

1. e4 c5 2. Nf3 Nc6 3. Bb5 d6 4. O-O Bd7 5. Re1 Qc7 6. c3 Nf6 7. d4 cxd4 8. cxd4
a6 9. Bf1 Bg4 10. h3 Bh5 11. Nc3 Bxf3 12. gxf3 e5 13. Be3 Be7 14. Rc1 Qa5 15. d5
Nb8 16. Qb3 b5 17. a4 Nbd7 18. axb5 axb5 19. Qxb5 O-O 20. b4 Qd8 21. Qc4 Nh5 22.
Nb5 Nf4 23. Qc7 Qe8 24. Nxd6 Bxd6 25. Qxd6 f5 26. Bxf4 exf4 27. Qe6+ Qxe6 28.
dxe6 Ne5 29. Be2 fxe4 30. fxe4 Rfe8 31. Ra1 Rab8 32. b5 Rxe6 33. Ra6 Re7 34.
Rea1 Kf7 35. Ra7 Rbb7 36. Rxb7 Rxb7 37. Ra6 Ke7 38. f3 Nd7 39. Kf2 Nc5 40. Rc6
Ne6 41. Bc4 Nd4 42. Rc5 h6 43. h4 Kf6 44. Rd5 Nc2 45. Rf5+ Kg6 46. h5+ Kh7 47.
Rf8 g5 48. Rf7+ Rxf7 49. Bxf7 Nd4 50. b6 Nc6 51. b7 Nb8 52. Bd5 Kg7 53. e5 Kf8
54. Kg2 Ke7 55. Kh3 Nd7 56. e6 Nb8 57. Kg4 Kf6 58. Kh3 Na6 59. Kg2 Ke7 60. Kf2
Kd6 61. Ke2 Ke7 62. Kd3 Kd6 63. Kd4 Nb8 64. Ke4 Ke7 65. Kf5 Na6 66. Kg6 Kd6 67.
Kf7 {Black resigns} 1-0

[Event "Team 45 45 League T41"]
[Site "Internet Chess Club"]
[Date "2009.05.04"]
[Round "1"]
[White "Orinal"]
[Black "PaulKaspar"]
[Result "0-1"]
[WhiteElo "1602"]
[BlackElo "1855"]
[Opening "Caro-Kann: classical, Spassky variation"]
[ECO "B18"]
[Time "17:01:53"]
[TimeControl "2700+45"]

1. e4 c6 2. d4 d5 3. Nc3 dxe4 4. Nxe4 Bf5 5. Ng3 Bg6 6. Nf3 Nd7 7. h4 h6 8. h5
Bh7 9. Bd3 Bxd3 10. Qxd3 e6 11. Bf4 Ngf6 12. Ne4 Nd5 13. Bg3 N7f6 14. O-O-O Nxe4
15. Qxe4 Qa5 16. Kb1 Qb5 17. Qd3 Qxd3 18. Rxd3 Be7 19. Ne5 O-O 20. Rb3 Nb6 21.
Nd7 Nxd7 22. Rxb7 Rfd8 23. Bc7 Re8 24. Ba5 Nf6 25. Rc7 Bd8 {White resigns} 0-1

[Event "Team 45 45 League T41"]
[Site "Internet Chess Club"]
[Date "2009.05.03"]
[Round "1"]
[White "pishd"]
[Black "incachess"]
[Result "1-0"]
[WhiteElo "1776"]
[BlackElo "1653"]
[Opening "Queen's pawn, Mason variation"]
[ECO "D00"]
[Time "12:05:34"]
[TimeControl "2700+45"]

1. d4 d5 2. Bf4 Nf6 3. e3 Bf5 4. c4 e6 5. Qb3 b6 6. Nd2 Bd6 7. Bxd6 Qxd6 8. Ngf3
Nbd7 9. Rc1 c5 10. cxd5 exd5 11. Qa3 O-O 12. Be2 Ne4 13. O-O Nxd2 14. Nxd2 Rac8
15. Nf3 Rfe8 16. dxc5 bxc5 17. Nd4 Qg6 18. Nxf5 Qxf5 19. h3 h5 20. Bb5 Re5 21.
Bxd7 Qxd7 22. Rxc5 Rxc5 23. Qxc5 Rg5 24. Rc1 Qxh3 25. Qc8+ Qxc8 26. Rxc8+ Kh7
27. Rc7 Kg6 28. Rxa7 h4 29. Kf1 Rh5 30. Ra5 Kf6 31. e4 h3 32. gxh3 Rxh3 33. Rxd5
Rh1+ 34. Ke2 Rb1 35. Rd2 Ke5 36. Kd3 g5 37. Ke3 Re1+ 38. Re2 Ra1 39. b3 Rb1 40.
f3 f6 41. Rd2 Re1+ 42. Kf2 Rb1 43. Rd5+ Ke6 44. Ke3 Rb2 45. Rd2 Rb1 46. Rd3 Rb2
47. a4 Ra2 48. Kd4 Kd6 49. Kc4+ Kc6 50. Kb4 Ra1 51. Rd5 Rh1 52. Rf5 Rh6 53. Ka5
Kd6 54. b4 Ke6 55. b5 Rh8 56. b6 Ra8+ 57. Kb5 Rc8 58. b7 Rc3 59. Ka6 Rc6+ 60.
Ka7 Rc4 61. b8=Q Rxa4+ 62. Kb6 {Black resigns} 1-0

[Event "Team 45 45 League T41"]
[Site "Internet Chess Club"]
[Date "2009.05.03"]
[Round "1"]
[White "KNVB"]
[Black "frothyjowels"]
[Result "1-0"]
[WhiteElo "2417"]
[BlackElo "2361"]
[Opening "Kevitz-Trajkovich defense"]
[ECO "A40"]
[Time "12:00:16"]
[TimeControl "2700+45"]

1. d4 Nc6 2. c4 Nf6 3. Nc3 g6 4. e4 Bg7 5. e5 Ng8 6. f4 Nh6 7. d5 Nb4 8. a3 Na6
9. Nf3 O-O 10. Be2 d6 11. O-O Nc5 12. Be3 Nd7 13. exd6 exd6 14. Bd4 Nf6 15. h3
Nf5 16. Bf2 Re8 17. Qd2 Nh5 18. Bd3 Nfg3 19. Rfe1 Bh6 20. Ng5 Rxe1+ 21. Rxe1 Bd7
22. Kh2 Nf5 23. g3 a6 24. Ne2 Bg7 25. g4 Nxf4 26. Nxf4 Qxg5 27. gxf5 Be5 28. Bg3
Bxf5 29. Bxf5 h5 30. h4 Qxf5 31. Kg2 Kg7 32. Qd3 Qf6 33. Rf1 Qe7 34. b3 Re8 35.
Qf3 Bb2 36. Re1 Qd7 37. Nd3 Rxe1 38. Bxe1 Qe7 39. Bf2 Bf6 40. Kh3 Qd7+ 41. Kg3
Qe7 42. Kh3 Qd7+ 43. Kh2 Qe7 44. Qg3 Qe4 45. a4 Bxh4 46. Qxh4 Qxd3 47. Qd4+ Qxd4
48. Bxd4+ Kf8 49. Bf6 c6 50. a5 Ke8 51. Kg3 Kd7 52. Kf4 Kc7 53. Kg5 b6 54. b4 b5
55. cxb5 cxb5 56. Kh6 Kd7 57. Kg7 Ke8 58. Bg5 h4 59. Bxh4 f5 60. Bg5 {Black
resigns} 1-0

[Event "Team 45 45 League T41"]
[Site "Internet Chess Club"]
[Date "2009.05.04"]
[Round "1"]
[White "eurander"]
[Black "Petrozjan"]
[Result "1/2-1/2"]
[WhiteElo "2198"]
[BlackElo "2210"]
[Opening "Queen's pawn game, Darooha variation "]
[ECO "D02"]
[Time "15:00:32"]
[TimeControl "2700+45"]

1. d4 d5 2. Nf3 Nf6 3. c3 Bf5 4. Bg5 Nbd7 5. e3 e6 6. Bd3 Bxd3 7. Qxd3 c5 8. O-O
Be7 9. c4 dxc4 10. Qxc4 O-O 11. Nc3 Rc8 12. Rfd1 Qa5 13. a3 cxd4 14. Qxd4 Rfd8
15. b4 Qa6 16. Qd3 Qxd3 17. Rxd3 {Game drawn by mutual agreement} 1/2-1/2

[Event "Team 45 45 League T41"]
[Site "Internet Chess Club"]
[Date "2009.05.01"]
[Round "1"]
[White "playwaycool"]
[Black "JustinSane"]
[Result "0-1"]
[WhiteElo "2027"]
[BlackElo "2048"]
[Opening "Trompowsky attack (Ruth, Opocenský opening)"]
[ECO "A45"]
[Time "20:00:32"]
[TimeControl "2700+45"]

1. d4 Nf6 2. Bg5 e6 3. e4 h6 4. Bxf6 Qxf6 5. c3 b6 6. Bd3 Bb7 7. Ne2 d6 8. O-O
Nd7 9. f4 g6 10. Nd2 c5 11. Nf3 d5 12. e5 Qe7 13. g4 h5 14. h3 hxg4 15. hxg4
O-O-O 16. a4 a6 17. Kf2 f6 18. Rh1 Rxh1 19. Qxh1 g5 20. fxg5 fxe5 21. dxe5 Bg7
22. Qh7 Rh8 23. Qxh8+ Bxh8 24. Rh1 Bxe5 25. Rh7 Qf8 26. g6 d4 27. Rf7 Qg8 28.
Ng5 dxc3 29. bxc3 Nf8 30. Bc4 Bd5 31. Bxa6+ Kb8 32. Ng3 Nxg6 33. Rd7 Bc6 34. Rd3
Nf4 35. N5e4 Nxd3+ 36. Bxd3 Qxg4 37. Be2 Bxg3+ {White resigns} 0-1

[Event "Team 45 45 League T41"]
[Site "Internet Chess Club"]
[Date "2009.05.03"]
[Round "1"]
[White "fileman"]
[Black "Matusalen"]
[Result "1/2-1/2"]
[WhiteElo "1912"]
[BlackElo "2024"]
[Opening "Caro-Kann defense"]
[ECO "B10"]
[Time "14:13:07"]
[TimeControl "2700+45"]

1. e4 c6 2. e5 d5 3. exd6 exd6 4. Nf3 Bg4 5. d4 d5 6. Bf4 Nf6 7. Be2 Bd6 8. Bxd6
Qxd6 9. h3 Bxf3 10. Bxf3 O-O 11. O-O Nbd7 12. c3 Rfe8 13. Re1 Nf8 14. Nd2 Ng6
15. Rxe8+ Rxe8 16. Qf1 h6 17. Re1 Rxe1 18. Qxe1 Qe6 19. Qxe6 fxe6 20. g3 e5 21.
dxe5 Nxe5 22. Be2 Kf8 23. f4 Nf7 24. Kg2 Nd6 25. Bd3 Ke7 26. Kf3 Nd7 27. g4 Kf6
28. c4 g5 29. cxd5 cxd5 {Game drawn by mutual agreement} 1/2-1/2

[Event "Team 45 45 League T41"]
[Site "Internet Chess Club"]
[Date "2009.05.01"]
[Round "1"]
[White "syy89"]
[Black "PandorasBox"]
[Result "1/2-1/2"]
[WhiteElo "2116"]
[BlackElo "2182"]
[Opening "French: Steinitz, Boleslavsky variation"]
[ECO "C11"]
[Time "17:05:22"]
[TimeControl "2700+45"]

1. e4 e6 2. d4 d5 3. Nc3 Nf6 4. e5 Nfd7 5. f4 c5 6. Nf3 Nc6 7. Be3 cxd4 8. Nxd4
Nxd4 9. Bxd4 Bc5 10. Bxc5 Nxc5 11. Qd4 b6 12. O-O-O O-O 13. h4 f5 14. Be2 Ba6
15. Bf3 Rc8 16. g4 fxg4 17. Bxg4 Qe7 18. Nxd5 exd5 19. Qxd5+ Kh8 20. Bxc8 Rxc8
21. Rh2 Bb7 22. Qd6 Qxd6 23. Rxd6 h6 24. b4 Na6 25. a3 Nc7 26. Kb2 Bd5 27. Rf2
b5 28. Rd2 Be4 29. R2d4 Bf5 30. Rc6 Kh7 31. Rdd6 Ne8 32. Rxc8 Nxd6 33. Rc5 Nc4+
34. Ka2 Be6 35. Rc6 Bd5 {Game drawn by mutual agreement} 1/2-1/2

[Event "Team 45 45 League T41"]
[Site "Internet Chess Club"]
[Date "2009.04.29"]
[Round "1"]
[White "izit"]
[Black "Pason"]
[Result "1-0"]
[WhiteElo "2195"]
[BlackElo "2077"]
[Opening "Sicilian: O'Kelly variation"]
[ECO "B28"]
[Time "14:00:12"]
[TimeControl "2700+45"]

1. e4 c5 2. Nf3 a6 3. d4 cxd4 4. Nxd4 Nf6 5. Nc3 e5 6. Nf3 Qc7 7. a3 Bc5 8. Bg5
Ng4 9. Bh4 Qb6 10. Qd2 Qxb2 11. Ra2 Qb6 12. Bc4 d6 13. O-O Qa5 14. h3 Nf6 15.
Bxf6 gxf6 16. Qd3 Be6 17. Nd5 Qd8 18. Nh4 Rg8 19. Kh1 Nc6 20. Rb2 b5 21. Ba2 f5
22. exf5 Bxd5 23. Qxd5 Qc7 24. f4 Rc8 25. c3 Kf8 26. f6 Bxa3 27. Re2 Bc5 28. Qd3
Rh8 29. Qg3 Rg8 30. Qd3 Rh8 31. Qd2 h5 32. Rfe1 a5 33. fxe5 Nxe5 34. Qg5 Ke8 35.
Rxe5+ dxe5 36. Rxe5+ Kd8 37. Rd5+ Ke8 38. Re5+ Kd8 39. Qd2+ Bd6 40. Nf5 {Black
resigns} 1-0

[Event "Team 45 45 League T41"]
[Site "Internet Chess Club"]
[Date "2009.05.03"]
[Round "1"]
[White "Chessduke"]
[Black "Rookmaster"]
[Result "1-0"]
[WhiteElo "2126"]
[BlackElo "1875"]
[Opening "two knights defense: Wilkes Barre (Traxler) variation"]
[ECO "C57"]
[Time "13:50:58"]
[TimeControl "2700+45"]

1. e4 e5 2. Nf3 Nc6 3. Bc4 Nf6 4. Ng5 Bc5 5. O-O O-O 6. d3 d6 7. Nc3 Ne7 8. Be3
Bb6 9. Bxb6 axb6 10. f4 h6 11. fxe5 dxe5 12. Nf3 Bg4 13. h3 Be6 14. Bxe6 fxe6
15. Qe1 Nc6 16. g4 Nd4 17. Rc1 Nd7 18. Qg3 Nxf3+ 19. Rxf3 Rxf3 20. Qxf3 Qg5 21.
Re1 Rf8 22. Qe3 Qxe3+ 23. Rxe3 c6 24. Kg2 g5 25. Rf3 Rf4 26. Ne2 Rxf3 27. Kxf3
c5 28. Nc3 Kf7 29. a4 Nb8 30. Nb5 Ke7 31. Na3 Nd7 32. Kg3 Kd6 33. Nc4+ Kc6 34.
h4 Kc7 35. hxg5 hxg5 36. Nd2 Nf8 37. Nf3 Nh7 38. Nxe5 Kd6 39. Nc4+ Kc6 40. Na3
Nf6 41. Kf3 Nd7 42. Nc4 e5 43. c3 Kc7 44. Ke3 Kc6 45. Kf3 Kc7 46. Kg3 Kc6 47.
Nd2 b5 48. axb5+ Kxb5 49. b3 Kc6 50. Nf3 b5 51. Nxg5 c4 52. dxc4 Nc5 53. b4 Na4
54. Nf7 bxc4 55. Nxe5+ Kb5 56. g5 Nxc3 57. Kf3 Kxb4 58. g6 Nb5 59. g7 Nd4+ 60.
Ke3 Ne6 61. g8=Q c3 62. Qxe6 Ka3 63. Qa6+ Kb3 64. Qb5+ Kc2 65. Nd3 Kd1 66. Qb1#
{Black checkmated} 1-0